 Dungeon Crawl Stone Soup version 0.30-a0-347-gf58ed5266c (webtiles) character file.

Game seed: 15166818532461865149

285 funkygono the Firebug (level 6, -6/45 HPs)
             Began as a Draconian Fire Elementalist on Nov 6, 2022.
             Killed from afar by an orc wizard (11 damage)
             ... with a puff of flame
             ... on level 4 of the Dungeon.
             The game lasted 00:10:08 (4424 turns).

funkygono the Firebug (Draconian Fire Elementalist) Turns: 4424, Time: 00:10:08

Health: -6/45      AC:  7    Str: 10    XL:     6   Next: 7%
Magic:  4/11       EV: 12    Int: 18    God:
Gold:   719        SH:  5    Dex: 11    Spells: 6/12 levels left

rFire   . . .      SeeInvis .    b - +3 dagger (venom)
rCold   . . .      Faith    .    (no shield)
rNeg    . . .      Spirit   .    (body armour unavailable)
rPois   .          Reflect  +    (helmet restricted)
rElec   .          Harm     .    (no cloak)
rCorr   +          Rampage  .    o - +0 pair of gloves
Will    .....                    (no boots)
Stlth   ++........               k - amulet of reflection
HPRegen 0.27/turn                s - ring of resist corrosion
MPRegen 0.12/turn                (no ring)

@: no status effects
A: AC +6, unfitting armour, cold-blooded
a: no special abilities


You were on level 4 of the Dungeon.
You visited 1 branch of the dungeon, and saw 4 of its levels.

You collected 719 gold pieces.

Inventory:

Hand Weapons
 b - a +3 dagger of venom (weapon)
 f - a +0 whip
Armour
 o - a +0 pair of gloves (worn)
Jewellery
 k - an amulet of reflection (around neck)
 n - a ring of ice
 s - a ring of resist corrosion (left hand)
Scrolls
 c - a scroll of butterflies
 d - 3 scrolls of teleportation
 e - a scroll of amnesia
 g - a scroll of identify
 l - 2 scrolls of magic mapping
 r - a scroll of poison
Potions
 a - 2 potions of magic
 h - a potion of degeneration {unknown}
 i - a potion of brilliance
 t - a potion of heal wounds {unknown}


   Skills:
 + Level 2.1 Dodging
 + Level 2.9 Stealth
 + Level 3.5 Spellcasting
 + Level 1.8 Conjurations
 + Level 5.0 Fire Magic


You had 6 spell levels left.
You knew the following spells:

 Your Spells              Type           Power      Damage    Failure   Level
a - Foxfire               Conj/Fire      60%        2x1d7     3%          1
b - Scorch                Fire           42%        2d7       3%          2
c - Kindle Blastsparks    Fire/Tloc/Air  18%        2d11      24%         3

Your spell library contained the following spells:

 Spells                   Type           Power      Damage    Failure   Level
 Kiss of Death            Conj/Necr      24%        2d7       11%         1
 Inner Flame              Hex/Fire       12%        N/A       17%         3
 Flame Wave               Conj/Fire      15%        2d7       36%         4
 Confusing Touch          Hex            3%         N/A       43%         3
 Dispel Undead            Necr           3%         3d7       83%         4


Dungeon Overview and Level Annotations

Branches:
Dungeon (4/15)
 Temple: D:4-7

Altars:

Shops:
D:2 :   D:3 =   D:4 :


Innate Abilities, Weirdness & Mutations

Your plain brown scales are hard. (AC +6)
You cannot fit into any form of body armour.
You are cold-blooded and may be slowed by cold attacks.


Message History

You hear some strange, mumbled words.
A magic dart appears from out of thin air!
The magic dart hits you but does no damage.
You bump into the rock wall.
Something hits you but does no damage. x2
Unknown command.
You closely miss something.
Your tail-slap misses something.
You hear some strange, mumbled words.
A puff of flame appears from out of thin air!
The puff of flame misses you. Something barely misses you.
You closely miss something. Something hits you but does no damage.
Something hits you.
* * * LOW HITPOINT WARNING * * *
You completely miss something.
An orc wizard appears from thin air!
Reactivating autopickup.
Something hits you but does no damage.
Deactivating autopickup; reactivate with Ctrl-A.
The orc wizard hits you with a +0 dagger.
* * * LOW HITPOINT WARNING * * *
You bump into the rock wall.
You feel less confused. You block something's attack.
The orc wizard hits you but does no damage.
Unknown command.
You closely miss the orc wizard.
The orc wizard is heavily wounded.
Something hits you.
* * * LOW HITPOINT WARNING * * *
The orc wizard hits you but does no damage.
Casting: Foxfire (safe; 3% risk of failure)
Confirm with . or Enter, or press ? or * to list all spells.
Okay, then.
Casting: Foxfire (safe; 3% risk of failure)
Confirm with . or Enter, or press ? or * to list all spells.
Flames lash the orc wizard.
The orc wizard is severely wounded.
The orc wizard's fire resistance burns away.
You hear some strange, mumbled words.
A puff of flame appears from out of thin air!
The puff of flame hits you!
You die...

###..#o.:..#..#
..)[###.###..###
#...'.#.......
#########..###...#
...........)...#.#
#########...)#...#
########.# #o# #
#@####....
#.{....# ########


You could see an orc wizard (combustible).

Vanquished Creatures
  2 orc priests (D:4)
  A jelly (D:3)
  Jessica (D:3)
  An orc wizard (D:4)
  4 gnolls
  An adder (D:4)
  An ufetubus (D:4)
  A worm (D:3)
  7 orcs (D:4)
  5 endoplasms
  3 giant cockroaches
  4 goblins
  6 hobgoblins
  4 jackals (D:2)
  4 quokkas
  2 ball pythons
  8 bats
  4 frilled lizards
  5 kobolds
  10 rats
74 creatures vanquished.

Vanquished Creatures (collateral kills)
  4 foxfires (D:1)
4 creatures vanquished.

Vanquished Creatures (others)
  An orc wizard (D:4)
  212 foxfires
  11 plants (D:1)
224 creatures vanquished.

Grand Total: 302 creatures vanquished

Notes
Turn   | Place    | Note
-------+----------+-------------------------------------------
     0 | D:1      | funkygono the Draconian Fire Elementalist began the quest
                  | for the Orb.
     0 | D:1      | Reached XP level 1. HP: 14/14 MP: 3/3
   194 | D:1      | Reached XP level 2. HP: 15/20 MP: 0/5
   197 | D:1      | Learned a level 2 spell: Scorch
  1228 | D:2      | Reached XP level 3. HP: 26/26 MP: 1/6
  1232 | D:2      | Learned a level 3 spell: Kindle Blastsparks
  1370 | D:2      | Found Pyschuzyq's Book Boutique.
  1789 | D:2      | Found a faded altar of an unknown god.
  2358 | D:3      | Reached skill level 4 in Fire Magic
  2358 | D:3      | Reached XP level 4. HP: 33/33 MP: 3/7
  3352 | D:3      | Found Veoho's Jewellery Emporium.
  3354 | D:3      | Noticed Jessica
  3365 | D:3      | Killed Jessica
  3366 | D:3      | Reached XP level 5. HP: 38/38 MP: 1/9
  3564 | D:3      | Identified a scroll of acquirement
  3564 | D:3      | Acquired 494 gold pieces
  4175 | D:4      | Found Ehur's Book Shoppe.
  4387 | D:4      | Reached skill level 5 in Fire Magic
  4387 | D:4      | Reached XP level 6. HP: 30/45 MP: 2/11
  4424 | D:4      | Killed from afar by an orc wizard

Illustrated notes

Levels and vault maps discovered:
D:1:      roderic_crop_circles_arrival_small, layout_loops_cross
D:2:      layout_basic, shapermc_ecumenical_altar_mp_vishouse, serial_shops,
          nicolae_shop_crystal
D:3:      layout_loops_corners, serial_shops, nicolae_square_shop, uniq_jessica
D:4:      layout_loops_ring, minmay_temple_entry_slanted, serial_shops,
          nicolae_diamond_shop, minmay_a_box_with_orc_wizards_in_it

Skill      XL: |  1  2  3  4  5 |
---------------+----------------+-----
Stealth        | 2 |  2.9
Dodging        | 2 |  2.1
Fire Magic     | 4 5 |  5.0
Spellcasting   | 3 |  3.5
Conjurations   | |  1.8

Action                   |  1- 3 |  4- 6 || total
-------------------------+-------+-------++-------
Melee: Short sword       |    43 |       ||    43
       Tailslap          |     4 |     2 ||     6
       Dagger            |       |    30 ||    30
       Punch             |       |     1 ||     1
 Cast: Foxfire           |    61 |    62 ||   123
       Scorch            |     5 |    10 ||    15
  Use: Scroll            |       |    11 ||    11
       Potion            |       |     1 ||     1
Armor: Skin              |    16 |    43 ||    59
Dodge: Dodged            |    30 |    26 ||    56
Block: Other             |     2 |    11 ||    13
       Reflection        |     1 |       ||     1

Table legend: (Time is in decaauts)
 A = Elapsed time spent in this place.
 B = Non-inter-level travel time spent in this place.
 C = Inter-level travel time spent in this place.
 D = Time resting spent in this place.
 E = Time spent auto-exploring this place.
 F = Levels seen in this place.
 G = Mean time per level.
                   A        B        C        D        E       F      G
               +--------+--------+--------+--------+--------+-----+--------+
         Total |   4422 |   4269 |    153 |    209 |   3422 |   4 | 1105.5 |
       Dungeon |   4422 |   4269 |    153 |    209 |   3422 |   4 | 1105.5 |
               +--------+--------+--------+--------+--------+-----+--------+

Top non-repeatable levels by time:
     D:3: 1531 daAuts
     D:2: 1216 daAuts
     D:1: 1146 daAuts
     D:4: 527 daAuts
